[Event "*** Titled Tuesday Blitz"]
[Site "Chess.com"]
[Date "2019.08.06"]
[Round "8"]
[White "BlackBoarder"]
[Black "enriquetejedor"]
[Result "1-0"]
[WhiteElo "2673"]
[BlackElo "2566"]
[TimeControl "180+2"]
[EndTime "14:54:08 PDT"]
[Termination "BlackBoarder won by resignation"]

1. e4 c5 2. Nf3 a6 3. c3 Nf6 4. e5 Nd5 5. d4 cxd4 6. cxd4 d6 7. Bc4 Nb6 8. Bb3 Nc6 9. O-O dxe5 10. dxe5 Qxd1 11.
Rxd1 Bg4 12. Be3 Nd7 13. e6 fxe6 14. Nc3 Na5 15. Ba4 b5 16. Nxb5 axb5 17. Bxb5 Rd8 18.
Rxd7 Rxd7 19. Ne5 Kd8 20. Bb6+ Rc7 21. Bxa5 Kc8 22. Bxc7 Kxc7 23. Nxg4 g6 24. Rc1+ Kb6 25. Bc4 Bg7 26. Bxe6 Rd8 27. b3 Rd2 28. a4 Bd4 29. Ne3 Ra2 30. h4 h6 31. Rd1 Bc5 32. Nc4+ Kc7 33.
Ne3 g5 34. hxg5 hxg5 35. Rd5 Ra1+ 36. Kh2 Bd6+ 37. g3 Ra2 38. Kg2 Rb2 39. Rxg5 Kb7 40. Nc4 Re2 41. Nxd6+ exd6 42. Bc4 Rd2 43. Rd5 1-0

[Event "*** Titled Tuesday Blitz"]
[Site "Chess.com"]
[Date "2019.08.06"]
[Round "8"]
[White "SergeiAza"]
[Black "warmoatmeal"]
[Result "1-0"]
[WhiteElo "2786"]
[BlackElo "2053"]
[TimeControl "180+2"]
[EndTime "14:54:08 PDT"]
[Termination "SergeiAza won by resignation"]

1. e4 c5 2. Nf3 Nc6 3. d4 cxd4 4. Nxd4 e5 5. Nb5 a6 6. Nd6+ Bxd6 7. Qxd6 Qf6 8. Qd1 Qg6 9. Nc3 Nf6 10. f3 O-O 11. Be3 b5 12. Qd2 Rd8 13. O-O-O d6 14. Bd3 Be6 15.
Nd5 Qh5 16. g4 Qh3 17. Nxf6+ gxf6 18. Rhg1 d5 19. Rg3 Qh4 20. g5 dxe4 21. gxf6+ Kh8 22. fxe4 Rg8 23. Rdg1 Qxf6 24. Bg5 Qg6 25. Qf2 h5 26. Bf6+ Kh7 27. Rxg6 fxg6 28. Qb6 Raf8 29. Qxc6 Rxf6 30. Qc7+ Rg7 31. Qxe5 Bxa2 32. Qxf6 1-0

[Event "*** Titled Tuesday Blitz"]
[Site "Chess.com"]
[Date "2019.08.06"]
[Round "8"]
[White "pandamaster3000"]
[Black "kinga2008"]
[Result "1-0"]
[WhiteElo "2294"]
[BlackElo "1926"]
[TimeControl "180+2"]
[EndTime "14:54:08 PDT"]
[Termination "pandamaster3000 won by resignation"]

1. e4 c5 2. Nf3 d6 3. Bb5+ Bd7 4. Bxd7+ Nxd7 5. O-O Ngf6 6. Qe2 g6 7. c3 Bg7 8. d4 cxd4 9. cxd4 O-O 10. e5 dxe5 11. dxe5 Nd5 12. e6 f5 13. exd7 Qxd7 14. Rd1 Rad8 15.
Bd2 Bxb2 16. Bh6 Bg7 17. Bxg7 Kxg7 18. Nc3 e6 19. Qe5+ Kg8 20. Nxd5 exd5 21. Rac1 Rfe8 22. Qd4 b6 23. Ne5 Qe6 24. f4 g5 25. Re1 gxf4 26.
Qxf4 Qf6 27. Qd4 Re6 28. Rc3 Rde8 29. Rg3+ Kf8 30. Nd7+ Kf7 31. Nxf6 Rxe1+ 32. Kf2 R8e2+ 33. Kf3 Re6 34. Rh3 Rxf6 35. Rxh7+ Kg6 36. Rh6+ Kxh6 37.
Qxf6+ Kh7 38. Qh4+ Kg7 39. Qxe1 1-0

[Event "*** Titled Tuesday Blitz"]
[Site "Chess.com"]
[Date "2019.08.06"]
[Round "8"]
[White "Slovak_fighter2000"]
[Black "LuckyTiger"]
[Result "1-0"]
[WhiteElo "2476"]
[BlackElo "2640"]
[TimeControl "180+2"]
[EndTime "14:54:11 PDT"]
[Termination "Slovak_fighter2000 won by resignation"]

1. d4 Nf6 2. Bf4 d5 3. Nf3 c5 4. e3 Nc6 5. c3 Qb6 6. Qb3 c4 7. Qxb6 axb6 8. Na3 e5 9. Nb5 exf4 10. Nc7+ Kd8 11.
Nxa8 fxe3 12. fxe3 b5 13. Be2 Be6 14. a4 b4 15. a5 Ne4 16. a6 bxc3 17. bxc3 bxa6 18. Rxa6 Nb8 19. Ra1 Bd6 20. Rc1 Nd7 21. Nd2 Nxd2 22. Kxd2 Ke7 23. Ra1 g5 24. g3 Bf5 25. Bf3 Nf6 26.
Nb6 Ke6 27. Nxd5 Ne4+ 28. Bxe4 Bxe4 29. Nb6 Bd3 30. Ra4 h5 31. Nxc4 Bxc4 32. Rxc4 h4 33. gxh4 Rxh4 34. Kd3 Rh3 35. Rc6 f5 36. c4 Kd7 37.
Ra6 g4 38. c5 Bc7 39. Rf1 f4 40. Rg6 Rxe3+ 41. Kc4 Re2 42. Rxg4 Rxh2 43. Rfxf4 1-0

[Event "*** Titled Tuesday Blitz"]
[Site "Chess.com"]
[Date "2019.08.06"]
[Round "8"]
[White "HrvojeZagreb"]
[Black "GM_shahin"]
[Result "0-1"]
[WhiteElo "2073"]
[BlackElo "2875"]
[TimeControl "180+2"]
[EndTime "14:54:14 PDT"]
[Termination "GM_shahin won by checkmate"]

1. d4 Nf6 2. Bf4 c5 3. e3 g6 4. c3 b6 5. Nd2 Bb7 6. Ngf3 Bg7 7. a4 d6 8. h3 a6 9. Be2 Nbd7 10. O-O O-O 11.
Qb3 Ra7 12. Rfd1 Qa8 13. Bf1 Bd5 14. c4 Bb7 15. d5 Rb8 16. e4 Nh5 17. Bh2 Rf8 18.
g4 Nhf6 19. e5 dxe5 20. Nxe5 Nxe5 21. Bxe5 Qd8 22. Qg3 Ra8 23. Bc7 Qc8 24. Rab1 Nd7 25. b3 e6 26. dxe6 fxe6 27. Bg2 Bxg2 28. Kxg2 Qb7+ 29.
Kg1 Bd4 30. Bf4 Ne5 31. Re1 Bxf2+ 32. Qxf2 Nd3 33. Qe3 Nxf4 34. Rf1 Qg2# 0-1

[Event "*** Titled Tuesday Blitz"]
[Site "Chess.com"]
[Date "2019.08.06"]
[Round "8"]
[White "Shahinyan_ChessMood"]
[Black "OparinGrigoriy"]
[Result "0-1"]
[WhiteElo "2759"]
[BlackElo "2985"]
[TimeControl "180+2"]
[EndTime "14:54:15 PDT"]
[Termination "OparinGrigoriy won by resignation"]

1. e4 c6 2. Nc3 d5 3. d3 dxe4 4. dxe4 Qxd1+ 5. Nxd1 e5 6. f3 f6 7. Be3 Be6 8. Nc3 Nd7 9. O-O-O Bc5 10. Bxc5 Nxc5 11. g3 Ke7 12. Bh3 Bf7 13. Nge2 h5 14. b4 Ne6 15. Rd2 Nh6 16. Rhd1 Rhd8 17. Rxd8 Rxd8 18.
Rxd8 Nxd8 19. Kd2 g5 20. a4 b6 21. Nd1 Nb7 22. Ne3 Nd6 23. Kd3 a5 24. bxa5 bxa5 25.
Nc1 c5 26. c4 g4 27. fxg4 hxg4 28. Bf1 Be8 29. Nb3 Bxa4 30. Nxa5 f5 31. exf5 Nhxf5 32.
Nxf5+ Nxf5 33. Be2 Nd6 34. Bxg4 Kd8 35. h4 Kc7 36. h5 Kb6 37. Be6 Kxa5 38. h6 Be8 39.
Bg8 Bg6+ 40. Kc3 Ne4+ 41. Kb3 Nf6 42. Be6 Kb6 43. g4 Kc7 44. Ka4 Kd6 45. Bc8 e4 46. g5 Nh7 47. Bg4 Nxg5 48. Kb5 0-1

[Event "*** Titled Tuesday Blitz"]
[Site "Chess.com"]
[Date "2019.08.06"]
[Round "8"]
[White "GremioPrudente"]
[Black "Ibraev_Vasilj"]
[Result "0-1"]
[WhiteElo "2233"]
[BlackElo "2296"]
[TimeControl "180+2"]
[EndTime "14:54:22 PDT"]
[Termination "Ibraev_Vasilj won by checkmate"]

1. Nf3 c5 2. c4 Nf6 3. g3 d5 4. Bg2 Nc6 5. O-O e5 6. cxd5 Nxd5 7. Nc3 Be6 8. Ng5 Qxg5 9. Bxd5 Bxd5 10. Nxd5 Qd8 11. e4 Bd6 12. Qg4 O-O 13. d3 Kh8 14. Bg5 f6 15. Be3 b6 16. Rad1 Rc8 17. Qe6 Ne7 18. Nxe7 Bxe7 19. Rd2 Re8 20. Kg2 Bf8 21. Qc4 Bd6 22. a4 Re7 23. Rfd1 Rd7 24. a5 Qc7 25. axb6 axb6 26. b3 Bf8 27. Qe6 Rcd8 28. Qc4 Qb7 29. h4 h5 30. Kh2 Rd6 31. b4 cxb4 32. d4 exd4 33. Rxd4 Rxd4 34. Rxd4 Rxd4 35. Qxd4 Bc5 36. Qd8+ Kh7 37. Bf4 Qxe4 38. Qc8 Bxf2 39. Kh3 Qh1# 0-1

[Event "*** Titled Tuesday Blitz"]
[Site "Chess.com"]
[Date "2019.08.06"]
[Round "8"]
[White "slowdgehammer"]
[Black "ChrisTool2"]
[Result "1-0"]
[WhiteElo "2458"]
[BlackElo "2286"]
[TimeControl "180+2"]
[EndTime "14:54:25 PDT"]
[Termination "slowdgehammer won by resignation"]

1. e4 c5 2. Nf3 g6 3. Nc3 Bg7 4. Bc4 e6 5. h4 h5 6. d3 d6 7. Bf4 a6 8. a4 Ne7 9. Qd2 Nbc6 10. Ba2 Nd4 11. Nxd4 cxd4 12. Ne2 d5 13. Ng3 e5 14. Bg5 f6 15. exd5 Nxd5 16. Ne4 fxg5 17. Nxg5 Bg4 18.
O-O Bf6 19. Rae1 O-O 20. Ne4 Bg7 21. Nc5 b6 22. Ne4 Kh8 23. Ng5 Bf6 24. c4 dxc3 25. bxc3 Bxg5 26. hxg5 Nf4 27. Rxe5 Qc7 28. Qe3 Rad8 29.
Re4 Rxd3 30. Qe1 Rxc3 31. Re7 Qd6 32. Qxc3+ Rf6 33. Qxf6+ Qxf6 34. gxf6 1-0

[Event "*** Titled Tuesday Blitz"]
[Site "Chess.com"]
[Date "2019.08.06"]
[Round "8"]
[White "GMMarcinDziuba"]
[Black "ama18"]
[Result "0-1"]
[WhiteElo "2717"]
[BlackElo "2488"]
[TimeControl "180+2"]
[EndTime "14:54:27 PDT"]
[Termination "ama18 won on time"]

1. Nf3 d5 2. g3 c6 3. Bg2 Bg4 4. O-O e6 5. d4 Nf6 6. c4 Nbd7 7.
Nc3 Be7 8. Qb3 Qb6 9. h3 Bf5 10. c5 Qxb3 11. axb3 O-O 12. b4 a6 13. Nh4 Bc2 14.
Bd2 Ne4 15. Nf3 Nxc3 16. Bxc3 Be4 17. Rfe1 Rad8 18. Bf1 Bf6 19. Nd2 Bf5 20. Nb3 e5 21.
e3 e4 22. Kg2 Rfe8 23. Be2 Nf8 24. Na5 Re7 25. Ra3 g6 26. Rea1 Bc8 27. Nxc6 bxc6 28. Bxa6 Ne6 29. b5 Bxa6 30. Rxa6 cxb5 31. Rb6 Rc8 32. b4 Rd7 33. Rxb5 Bd8 0-1

[Event "*** Titled Tuesday Blitz"]
[Site "Chess.com"]
[Date "2019.08.06"]
[Round "8"]
[White "Polish_fighter3000"]
[Black "platy3"]
[Result "1-0"]
[WhiteElo "2976"]
[BlackElo "2872"]
[TimeControl "180+2"]
[EndTime "14:54:27 PDT"]
[Termination "Polish_fighter3000 won by resignation"]

1. Nf3 Nf6 2. c4 e6 3. Nc3 d5 4. e3 Be7 5. b3 O-O 6. Bb2 c5 7. cxd5 exd5 8. d4 Nc6 9. Be2 Bg4 10. O-O Rc8 11. dxc5 Bxc5 12. h3 Bh5 13. Rc1 Be7 14. Nh4 Bxe2 15. Nxe2 Qd7 16. Nd4 g6 17. Nhf3 Rfe8 18.
Nxc6 bxc6 19. b4 Ne4 20. a3 Bf6 21. Bxf6 Nxf6 22. Rc2 Ne4 23. Qd4 Rc7 24. Rfc1 Rec8 25. Ne5 Qd6 26. Nd3 Ng5 27. Qe5 Qxe5 28. Nxe5 c5 29.
Rxc5 Ne6 30. Rxc7 Rxc7 31. Rxc7 Nxc7 32. Nc6 a6 33. g4 h6 34. Kf1 Kf8 35. Ke2 Ke8 36. Kd3 Kd7 37. Nd4 Kd6 38. a4 Na8 39. a5 Nc7 40. h4 Ke5 41. g5 hxg5 42. hxg5 Kd6 43. f4 Kd7 44. Nf3 Nb5 45. Ne5+ Ke6 46. Nc6 Kd6 47. Nb8 Nc7 48. Kc3 Nb5+ 49. Kc2 Nc7 50.
Kd3 Ke6 51. Nc6 Kd6 52. Nd8 Ke7 53. Nb7 Nb5 54. Nc5 Nc7 55. Nb3 Kd6 56. Nd4 Kd7 57. Kc3 Kd6 58. Kb3 Kd7 59. Ka4 1-0

[Event "*** Titled Tuesday Blitz"]
[Site "Chess.com"]
[Date "2019.08.06"]
[Round "8"]
[White "David_Paravyan"]
[Black "Parhamov"]
[Result "0-1"]
[WhiteElo "2895"]
[BlackElo "2969"]
[TimeControl "180+2"]
[EndTime "14:54:28 PDT"]
[Termination "Parhamov won by resignation"]

1. e4 c5 2. Nf3 Nc6 3. Nc3 e5 4. Bc4 g6 5. h4 h6 6. d3 d6 7. h5 g5 8. Nh2 Bg7 9. Nf1 Nge7 10. g4 Be6 11. Ne3 a6 12. a4 O-O 13.
Ncd5 b5 14. Ba2 Nb4 15. Nxb4 cxb4 16. Bd2 a5 17. axb5 Qd7 18. Bc4 d5 19. exd5 Nxd5 20. Bxd5 Bxd5 21. O-O Bb7 22. f3 Qxb5 23. Nf5 Rfd8 24.
Qe2 Bf8 25. b3 Rac8 26. Be3 Rc3 27. Ra2 Rdc8 28. Rfa1 Qc6 29. Bf2 Qxf3 30. Qxf3 Bxf3 31. Ne3 Bc5 32. Nf5 Bf8 33. Ne3 e4 34. d4 Rxe3 35. Bxe3 Bxg4 36. Rxa5 Rxc2 37. Ra8 Re2 38. Bf2 e3 39. Bg3 Bf3 40. Bd6 Rg2+ 41. Kf1 e2+ 42. Ke1 Rg1+ 43. Kd2 Rxa1 44. Rxa1 Bxd6 45. Ke3 0-1

[Event "*** Titled Tuesday Blitz"]
[Site "Chess.com"]
[Date "2019.08.06"]
[Round "8"]
[White "Vnebo"]
[Black "Heineccius"]
[Result "1-0"]
[WhiteElo "2693"]
[BlackElo "2550"]
[TimeControl "180+2"]
[EndTime "14:54:28 PDT"]
[Termination "Vnebo won on time"]

1. e4 c5 2. Nf3 e6 3. g3 d5 4.
exd5 Qxd5 5. Nc3 Qd7 6. d4 Nf6 7. Bf4 Nc6 8. Bg2 cxd4 9. Ne2 Bb4+ 10. Bd2 Bc5 11. O-O O-O 12. Bg5 Ne4 13. Bf4 Re8 14. Ne5 Nxe5 15. Bxe5 Nf6 16. Nxd4 Nd5 17. c4 Nb6 18.
Qg4 Bf8 19. Rad1 f6 20. Nb5 Qf7 21. Bc3 e5 22. Qe2 Be6 23. b3 Rad8 24. Rxd8 Rxd8 25.
Nxa7 Ra8 26. Nb5 Bc5 27. Rd1 h6 28. h3 Nxc4 29. bxc4 Bxc4 30. Qb2 Rxa2 31. Qb1 Rxf2 32.
Rd8+ 1-0

[Event "*** Titled Tuesday Blitz"]
[Site "Chess.com"]
[Date "2019.08.06"]
[Round "8"]
[White "AliKa2810"]
[Black "Zubrrr"]
[Result "1-0"]
[WhiteElo "2577"]
[BlackElo "2704"]
[TimeControl "180+2"]
[EndTime "14:54:31 PDT"]
[Termination "AliKa2810 won by resignation"]

1. c4 e6 2. Nc3 b6 3. d4 Bb7 4. e4 Bb4 5. Bd3 f5 6. Qh5+ g6 7. Qe2 fxe4 8. Bxe4 Nc6 9. Nf3 Nf6 10. Bg5 Be7 11. O-O-O Nxe4 12. Nxe4 Na5 13. d5 O-O 14. h4 Qe8 15. h5 exd5 16. cxd5 Bxg5+ 17. Nfxg5 h6 18. hxg6 Qxg6 19. Nf3 Rae8 20. Rh4 c6 21. Nfd2 Kh7 22. Rdh1 cxd5 23. Rxh6+ Qxh6 24. Rxh6+ Kxh6 25. Qe3+ Kh7 26. Nf6+ Rxf6 27. Qxe8 Rxf2 28. Qxd7+ Kg8 29. Qg4+ Kf8 30. Nf3 d4 31. Qxd4 Rxg2 32. Qf6+ Ke8 33.
Ne5 Bd5 34. Qd6 Bxa2 35. Qb8+ Ke7 36. Qxa7+ Ke8 37. Qa8+ 1-0

[Event "*** Titled Tuesday Blitz"]
[Site "Chess.com"]
[Date "2019.08.06"]
[Round "8"]
[White "MITerryble"]
[Black "Korchmar_Vasiliy"]
[Result "0-1"]
[WhiteElo "2863"]
[BlackElo "2698"]
[TimeControl "180+2"]
[EndTime "14:54:32 PDT"]
[Termination "Korchmar_Vasiliy won by resignation"]

1. e4 c5 2. Nf3 d6 3. Bb5+ Nd7 4. d4 a6 5. Bxd7+ Bxd7 6. dxc5 dxc5 7. O-O g6 8. Bf4 Bg7 9. Be5 Nf6 10. Nc3 O-O 11.
Re1 Bc6 12. Qe2 b5 13. Rad1 Qb6 14. Nd5 Qb7 15. c4 bxc4 16. Qxc4 Rac8 17. Qc3 Nxe4 18. Nxe7+ Qxe7 19. Rxe4 Bxe4 20. Bxg7 Rfd8 21. Re1 Qb7 22. Bh6 f5 23. Ng5 Bd5 24. h4 Re8 25. Rd1 Bxa2 26. Ra1 Bb3 27. Rxa6 Bd5 28. h5 Re7 29. Qf6 Re1+ 30.
Kh2 Bxg2 31. f3 Re2 32. Kg3 Qc7+ 33. Rd6 gxh5 34. Kh4 Rce8 35. Ne6 R2xe6 36. Rxe6 Qh2+ 37. Kg5 Qg3+ 38. Kxf5 Bh3+ 0-1

[Event "*** Titled Tuesday Blitz"]
[Site "Chess.com"]
[Date "2019.08.06"]
[Round "8"]
[White "Dhaydon19"]
[Black "chickencrossroad"]
[Result "1/2-1/2"]
[WhiteElo "2593"]
[BlackElo "2486"]
[TimeControl "180+2"]
[EndTime "14:54:32 PDT"]
[Termination "Game drawn by repetition"]

1. e4 c5 2. Nf3 d6 3. d4 cxd4 4.
Nxd4 Nf6 5. Nd2 Nc6 6. Nxc6 bxc6 7. Bd3 g6 8. O-O Bg7 9. Re1 O-O 10. Nc4 d5 11. exd5 cxd5 12. Ne5 Bb7 13. Bf4 Nh5 14. Bd2 Qd6 15. Qe2 e6 16. a3 Rfe8 17. Rad1 f6 18. Nxg6 hxg6 19. Bxg6 Nf4 20. Bxf4 Qxf4 21. Bxe8 Rxe8 22.
Qb5 Re7 23. Qc5 Bf8 24. Qxa7 Rg7 25. Qe3 Rxg2+ 26. Kf1 Qxh2 27. Qxe6+ Kh7 28. Rd2 Rg1+ 29.
Ke2 Qh5+ 30. f3 Rxe1+ 31. Kxe1 Qh1+ 32. Ke2 Qg2+ 33. Ke1 Qg1+ 34. Ke2 Qg2+ 35. Kd1 Qf1+ 36. Qe1 Qxf3+ 37. Qe2 Qh1+ 38. Qe1 Qf3+ 39. Qe2 Qh1+ 40. Qe1 Qh5+ 41. Qe2 Qh1+ 1/2-1/2

[Event "*** Titled Tuesday Blitz"]
[Site "Chess.com"]
[Date "2019.08.06"]
[Round "8"]
[White "aleccable"]
[Black "XiaoKangZhong"]
[Result "1-0"]
[WhiteElo "2319"]
[BlackElo "2331"]
[TimeControl "180+2"]
[EndTime "14:54:32 PDT"]
[Termination "aleccable won by resignation"]

1. e4 c6 2. d3 d5 3. Nd2 e5 4. Ngf3 Bd6 5. g3 Nf6 6. Bg2 O-O 7. O-O b6 8. Re1 Bb7 9. Nf1 Nbd7 10. c3 c5 11. Qc2 c4 12. dxc4 dxe4 13. Ng5 Nc5 14. Rd1 h6 15. b4 Nd3 16. Nxe4 Nxe4 17. Qxd3 Be7 18. Be3 Qxd3 19. Rxd3 Nd6 20. c5 bxc5 21.
Bxb7 Nxb7 22. Rd7 cxb4 23. Rxe7 Nd6 24. cxb4 Rfe8 25. Rxa7 Nc4 26. Rxa8 Rxa8 27. Bc5 f6 28. a4 Kf7 29. Ne3 Ke6 30. Nxc4 Rc8 31. Nb6 Rc7 32.
a5 Ra7 33. a6 g6 34. b5 f5 35. Rd1 e4 36. Nc4 Rc7 37. Rd6+ Kf7 38. Rc6 Rd7 39. Ne5+ Ke8 40. Nxd7 Kxd7 41. a7 f4 42. a8=Q e3 43.
Qb7+ 1-0

[Event "*** Titled Tuesday Blitz"]
[Site "Chess.com"]
[Date "2019.08.06"]
[Round "8"]
[White "qqwow"]
[Black "wonderfultime"]
[Result "0-1"]
[WhiteElo "2559"]
[BlackElo "2855"]
[TimeControl "180+2"]
[EndTime "14:54:37 PDT"]
[Termination "wonderfultime won by resignation"]

1. d4 Nf6 2. c4 e6 3. Nc3 Bb4 4.
a3 Bxc3+ 5. bxc3 O-O 6. f3 d6 7. e4 Nfd7 8. Bd3 e5 9. Ne2 Nc6 10. O-O b6 11. f4 Ba6 12. Ng3 exd4 13. cxd4 Nxd4 14. Bb2 c5 15. Bxd4 cxd4 16. e5 dxe5 17. fxe5 g6 18. Ne4 f5 19. exf6 Nxf6 20. Ng5 Qd7 21. Qd2 Rae8 22. Rae1 Bb7 23. Rxe8 Qxe8 24. Re1 Qd7 25. h3 Re8 26. Rf1 Qe7 27. Qf2 Nh5 28.
Qxd4 Qxg5 29. Rf2 Qc1+ 30. Bf1 Qe3 31. Qd6 Qe7 32. Qd4 Rf8 33. Re2 Qc5 34. Qxc5 bxc5 35. Re7 Rf7 36. Re8+ Kg7 37. Rb8 Rc7 38. a4 Nf6 39. a5 Nd7 40. Rd8 Ne5 41. Kh2 Nc6 42.
g4 Nxd8 0-1

[Event "*** Titled Tuesday Blitz"]
[Site "Chess.com"]
[Date "2019.08.06"]
[Round "8"]
[White "rst2003"]
[Black "guillembaches"]
[Result "1-0"]
[WhiteElo "2308"]
[BlackElo "2314"]
[TimeControl "180+2"]
[EndTime "14:54:41 PDT"]
[Termination "rst2003 won on time"]

1. e4 c5 2. Nf3 d6 3. d4 cxd4 4. Nxd4 Nf6 5. Nc3 Nc6 6. f3 e5 7.
Nb3 Be7 8. Be3 O-O 9. Qd2 Be6 10. Nd5 Bxd5 11. exd5 Nb8 12. Be2 Nbd7 13. O-O Re8 14. c4 a6 15. Na5 Qc7 16. Rac1 e4 17. f4 h5 18. h3 Bd8 19. b4 Qc8 20. Nb3 b6 21. Rfd1 a5 22. a3 axb4 23. axb4 Ra3 24. Qb2 Ra8 25. Nd4 h4 26. Ra1 Be7 27. Nc6 Bf8 28.
Rxa8 Qxa8 29. Ra1 Qc8 30. Qb3 Nb8 31. Ra8 Nfd7 32. Qa4 g6 33. Nxb8 Nxb8 34. Bxb6 e3 35. Ba7 Qb7 36. Qxe8 1-0

[Event "*** Titled Tuesday Blitz"]
[Site "Chess.com"]
[Date "2019.08.06"]
[Round "8"]
[White "Drags95"]
[Black "Bathory44"]
[Result "1/2-1/2"]
[WhiteElo "2821"]
[BlackElo "2593"]
[TimeControl "180+2"]
[EndTime "14:54:43 PDT"]
[Termination "Game drawn by repetition"]

1. c4 e6 2. Nc3 Bb4 3. Qc2 c5 4. Nf3 Nf6 5. a3 Ba5 6. g3 O-O 7. Bg2 d5 8. cxd5 exd5 9. d4 cxd4 10. Nxd4 Nc6 11. Nxc6 bxc6 12. b4 Bb6 13. O-O Re8 14.
Na4 Bd7 15. Bb2 Ne4 16. Nxb6 axb6 17. e3 Qg5 18. Rfd1 h5 19. h4 Qg6 20. Rd4 Bf5 21. Qe2 Rad8 22. Bf3 Bg4 23. Bxg4 hxg4 24. Rad1 Qf5 25.
Rf1 Re6 26. Kg2 Rf6 27. Rdd1 Rh6 28. Rc1 Rdd6 29. a4 g5 30. f3 gxf3+ 31. Rxf3 Qg4 32. Qa6 d4 33. Qa8+ Kh7 34. Rxf7+ Kg6 35. Qg8+ Kh5 36. Rf3 dxe3 37. Qe8+ Rhg6 38. Rc2 Rd2+ 39. Rxd2 exd2 40. Qh8+ Rh6 41. Qe8+ Rg6 42. Qh8+ Rh6 43. Qe8+ Rg6 1/2-1/2

[Event "*** Titled Tuesday Blitz"]
[Site "Chess.com"]
[Date "2019.08.06"]
[Round "8"]
[White "resha1988"]
[Black "PchelkinVK"]
[Result "1-0"]
[WhiteElo "2781"]
[BlackElo "2525"]
[TimeControl "180+2"]
[EndTime "14:54:49 PDT"]
[Termination "resha1988 won by resignation"]

1. d4 e5 2. dxe5 d6 3. exd6 Bxd6 4. Nf3 Nc6 5. Bg5 f6 6. Bh4 Qe7 7. e3 Bg4 8. Bb5 Nh6 9. Nbd2 O-O 10. Bxc6 bxc6 11. O-O Rad8 12. Qe2 Kh8 13. Bg3 Nf5 14. Bxd6 Rxd6 15. Qc4 Bh5 16. g4 Bf7 17. Qe4 Qd8 18. Qxf5 Rxd2 19. Nxd2 Qxd2 20. Rad1 Qb4 21. b3 Bg6 22. Qf4 Qa5 23. Rd7 Qxa2 24. Rfd1 Qxc2 25. Rd8 Be8 26. Qb4 Rg8 27. Qe7 h6 28. b4 Qg6 29.
h3 h5 30. R1d4 Kh7 31. Qe4 hxg4 32. hxg4 c5 33. bxc5 Qxe4 34. Rxe4 Bf7 35. Rxg8 Kxg8 36. Ra4 c6 37. Rxa7 Bd5 38. Rd7 Kf8 39. Kh2 g6 40. Rd6 Ke7 41. Kg3 g5 42. f4 gxf4+ 43. exf4 Be4 44. f5 Bd5 45. Kf4 1-0

[Event "*** Titled Tuesday Blitz"]
[Site "Chess.com"]
[Date "2019.08.06"]
[Round "8"]
[White "tonyq11"]
[Black "edgarrodrigues"]
[Result "0-1"]
[WhiteElo "2201"]
[BlackElo "2410"]
[TimeControl "180+2"]
[EndTime "14:54:53 PDT"]
[Termination "edgarrodrigues won by resignation"]

1. d4 Nf6 2. c4 c5 3. d5 e6 4. Nc3 exd5 5. cxd5 d6 6. e4 g6 7.
Nge2 Bg7 8. Ng3 h5 9. Bd3 h4 10. Nf1 h3 11. g3 O-O 12. Ne3 Re8 13. f3 Nbd7 14. O-O a6 15. a4 Ne5 16. Bc2 Qb6 17.
Kh1 Qb4 18. Qe2 Bd7 19. Bd2 Qb6 20. f4 Bg4 21. Qf2 Ned7 22. Nc4 Qc7 23. Rae1 Nh5 24. Ne3 Ndf6 25. Nxg4 Nxg4 26. Qf3 Nhf6 27. Nd1 b5 28. axb5 axb5 29. Bc3 b4 30. Bxf6 Nxf6 31. e5 dxe5 32.
fxe5 Rxe5 33. Ne3 Rae8 34. Qf2 Kh7 35. Bd3 Rxe3 36. Rxe3 Ng4 37. Qf4 Qxf4 38. gxf4 Nxe3 39. Rf3 Bd4 40. Rxh3+ Kg7 41. Rf3 Nxd5 42. h4 Re1+ 43. Kh2 f5 44. h5 Nxf4 45. hxg6 Nxg6 46. Bxf5 Nh4 47. Rg3+ Kf6 48. Kh3 Nxf5 0-1

[Event "*** Titled Tuesday Blitz"]
[Site "Chess.com"]
[Date "2019.08.06"]
[Round "8"]
[White "Annawel"]
[Black "jefferyx"]
[Result "1-0"]
[WhiteElo "3003"]
[BlackElo "2932"]
[TimeControl "180+2"]
[EndTime "14:54:55 PDT"]
[Termination "Annawel won by resignation"]

1. e4 g6 2. d4 Bg7 3. Nc3 a6 4. h4 h5 5. Nf3 d6 6. Ng5 Nc6 7. Be3 e5 8. d5 Nce7 9. f3 Nf6 10. Qd2 c6 11. Bc4 b5 12. Bb3 c5 13. a4 Bd7 14.
Nd1 O-O 15. Nf2 Qb8 16. c3 bxa4 17. Bxa4 Bxa4 18. Rxa4 Nc8 19. Qe2 Qb7 20. O-O Nb6 21. Ra5 Ne8 22. Rfa1 Nc7 23. g4 hxg4 24. fxg4 Nd7 25.
Nf3 f5 26. gxf5 gxf5 27. c4 Rab8 28. R1a2 f4 29. Bd2 Bf6 30. Kf1 Rf7 31. Bc3 Rg7 32.
h5 Kf7 33. Nh2 Rg3 34. Be1 Rh8 35. Nfg4 Rh3 36. h6 Qb8 37. R5a3 Rh5 38. Qf3 Bg5 39. Rb3 Qc8 40. Nxe5+ Nxe5 41. Qxh5+ Kf6 42. Bh4 Bxh4 43.
Qxh4+ Kg6 44. Rh3 Ne8 45. b3 Nf6 46. Rg2+ 1-0

[Event "*** Titled Tuesday Blitz"]
[Site "Chess.com"]
[Date "2019.08.06"]
[Round "8"]
[White "Lion_DL"]
[Black "WarlordX"]
[Result "1-0"]
[WhiteElo "2347"]
[BlackElo "2513"]
[TimeControl "180+2"]
[EndTime "14:54:57 PDT"]
[Termination "Lion_DL won by resignation"]

1. e4 c5 2. Nf3 d6 3. Bb5+ Nd7 4. O-O a6 5. Bxd7+ Bxd7 6. c3 g6 7. d4 cxd4 8. cxd4 Bg7 9. Nc3 b5 10. a3 Nh6 11. h3 O-O 12. Re1 f6 13. e5 dxe5 14.
dxe5 Bc6 15. Nd4 Bd7 16. Qb3+ Kh8 17. Bxh6 Bxh6 18. Rad1 Qc8 19. Nd5 Qc5 20. exf6 exf6 21. Ne6 Bxe6 22. Rxe6 Bg7 23. Rde1 f5 24. Re7 Rad8 25.
Nc7 Rd2 26. Qf3 Rxf2 27. Qxf2 Bd4 28. R1e3 Qc1+ 29. Kh2 f4 30. Rxh7+ Kxh7 31. Re7+ Kh6 32. Qxd4 Qc6 33. Qg7+ Kg5 34. Ne6+ Kf5 35. Qxf8+ Ke4 36. Qxf4+ Kd3 37. Qf3+ Kc2 38. Qxc6+ 1-0

[Event "*** Titled Tuesday Blitz"]
[Site "Chess.com"]
[Date "2019.08.06"]
[Round "8"]
[White "HanSchut"]
[Black "aquaticpineapples"]
[Result "1-0"]
[WhiteElo "2201"]
[BlackElo "2140"]
[TimeControl "180+2"]
[EndTime "14:54:59 PDT"]
[Termination "HanSchut won by resignation"]

1. e4 e6 2. d4 d5 3. Nd2 Nf6 4. e5 Nfd7 5. f4 c5 6. c3 Nc6 7. Ndf3 Qb6 8. a3 Be7 9. b4 cxd4 10.
cxd4 f6 11. Bd3 O-O 12. Ne2 fxe5 13. fxe5 Rf7 14. b5 Na5 15. Bd2 Nc4 16. Qc2 Nf8 17.
Bxc4 dxc4 18. Qxc4 Bd7 19. a4 Rc8 20. Qd3 a6 21. bxa6 Qxa6 22. Qxa6 bxa6 23. O-O Rc4 24. a5 Bb5 25. Nc3 Bc6 26. Ne2 Rc2 27. Rad1 Bb5 28.
Rf2 Nd7 29. Rc1 Rxc1+ 30. Bxc1 Bd3 31. Nf4 Bb5 32. Nxe6 Nb8 33. Neg5 Rf8 34. Be3 Nc6 35. d5 Nxa5 36. d6 Bxg5 37. Nxg5 Rxf2 38. Kxf2 h6 39.
Ne6 Kf7 40. Nc7 Bc4 41. Kf3 Nc6 42. Ke4 a5 43. Bc5 a4 44. g4 g6 45. h4 Bb3 46.
Ba3 Bd1 47. e6+ Kf8 48. e7+ Kg7 49. e8=Q 1-0

[Event "*** Titled Tuesday Blitz"]
[Site "Chess.com"]
[Date "2019.08.06"]
[Round "8"]
[White "Th3ChessViking"]
[Black "MFBerna"]
[Result "1-0"]
[WhiteElo "2410"]
[BlackElo "2374"]
[TimeControl "180+2"]
[EndTime "14:55:00 PDT"]
[Termination "Th3ChessViking won by resignation"]

1. d4 d5 2. c4 dxc4 3. Nf3 e6 4. e3 c5 5. Bxc4 Nf6 6. O-O Be7 7. dxc5 Qxd1 8. Rxd1 Bxc5 9. Be2 O-O 10. Ne5 Nfd7 11.
Nd3 Be7 12. b3 Nc6 13. Bb2 Nf6 14. Nd2 Rd8 15. Nc4 Bd7 16. Bf3 Be8 17. Nde5 Rxd1+ 18. Rxd1 Nxe5 19. Bxe5 Nd5 20. Bxd5 exd5 21. Rxd5 Rc8 22. h3 f6 23. Bd4 b6 24. a4 Kf8 25. a5 b5 26. Nd6 Rd8 27. Bc5 Bf7 28. Rd4 Bxb3 29.
Nf5 Bxc5 30. Rxd8+ Kf7 31. Rc8 Bf8 32. Rc7+ Ke6 33. Nd4+ Kd6 34. Rc8 Bd5 35. Rxf8 Kc5 36. Rc8+ Kb4 37. a6 Bc4 38. Rc7 Ka5 39. Rxa7 Kb6 40. Rxg7 Kxa6 41. Rxh7 b4 42. Rh6 Ka5 43. Rxf6 b3 44. Nxb3+ 1-0